 Dungeon Crawl Stone Soup version 0.31-a0-1074-g0b22e4e0f1 (webtiles) character file.

Game seed: 7219998769689106303

12771 Smoke131 the Fighter (level 11, -8/120 HPs)
             Began as an Ogre Gladiator on Dec 3, 2023.
             Was a Priest of Okawaru.
             Collided with a briar patch (14 damage)
             ... caused by a swamp worm
             ... on level 1 of the Lair of Beasts.
             The game lasted 00:39:17 (13645 turns).

Smoke131 the Fighter (Ogre Gladiator)              Turns: 13645, Time: 00:39:18

Health: -8/120     AC: 12    Str: 24    XL:     11   Next: 98%
Magic:  16/18      EV:  6    Int:  9    God:    Okawaru [***...]
Gold:   647        SH:  0    Dex: 10    Spells: 10/10 levels left

rFire   . . .        u - +3 scythe
rCold   . . .        (shield currently unavailable)
rNeg    . . .        w - +0 steam dragon scales
rPois   +            c - +1 hat
rElec   .            (no cloak)
rCorr   .            (gloves unavailable)
SInv    .            (boots unavailable)
Will    +....        E - amulet of reflection
Stlth   +++          s - +4 ring of protection
HPRegen 0.40/turn    F - ring of poison resistance
MPRegen 0.16/turn

%: reflection
@: about to teleport, heroic, held, hasted and slowed
A: large, unfitting armour, tough skin 1
a: Renounce Religion, Heroism


You were on level 1 of the Lair of Beasts.
You worshipped Okawaru.
Okawaru was most pleased with you.
You visited 3 branches of the dungeon, and saw 11 of its levels.

You collected 879 gold pieces.
You spent 232 gold pieces at shops.

Inventory:

Hand Weapons
 a - a +1 heavy trident
 u - a +3 scythe (weapon)
Missiles
 d - 3 throwing nets
 e - 5 large rocks
 k - 17 poisoned darts
 m - 7 boomerangs (quivered)
 t - 2 datura-tipped darts
 x - 2 curare-tipped darts
 C - 5 atropa-tipped darts
Armour
 c - a +1 hat (worn)
 h - a +2 robe of willpower
 w - +0 steam dragon scales (worn)
Jewellery
 q - a +5 ring of evasion
 s - a +4 ring of protection (left hand)
 E - an amulet of reflection (around neck)
 F - a ring of poison resistance (right hand)
 G - a +4 ring of protection
Wands
 o - a wand of iceblast (14)
 B - a wand of flame (8)
 J - a wand of paralysis (8)
 K - a wand of polymorph (4)
Scrolls
 g - 3 scrolls of enchant weapon
 i - a scroll of enchant armour
 y - 2 scrolls of immolation
 z - a scroll of identify
 A - 2 scrolls of poison
 L - a scroll of vulnerability {unknown}
Potions
 b - a potion of berserk rage
 f - a potion of attraction
 j - 2 potions of brilliance
 l - a potion of might
 p - a potion of curing
 D - a potion of haste
 H - a potion of resistance {unknown}
 I - 2 potions of mutation


   Skills:
 + Level 11.0(16.0) Fighting
 + Level 10.5(15.5) Polearms
 + Level 10.5(15.5) Throwing
 - Level 3.0(8.0) Dodging
 - Level 10.0 Invocations


You had 10 spell levels left.
You didn't know any spells.
Your spell library contained the following spells:

 Spells                   Type           Power      Damage    Failure   Level
 Blink                    Tloc           0%         N/A       52%         2
 Inner Flame              Hex/Fire       0%         N/A       77%         3
 Volatile Blastmotes      Fire/Tloc      0%         2d10      77%         3
 Fulminant Prism          Conj/Hex       0%         3d5       99%         4
 Iskenderun's Mystic Bla  Conj/Tloc      0%         2d3       99%         4
 Manifold Assault         Tloc           0%         N/A       99%         4
 Yara's Violent Unravell  Hex/Tmut       0%         3d3       100%        5
 Enfeeble                 Hex            0%         N/A       100%        7
 Summon Small Mammal      Summ           Unusable   N/A       N/A         1
 Call Canine Familiar     Summ           Unusable   N/A       N/A         3
 Summon Guardian Golem    Hex/Summ       Unusable   N/A       N/A         3

Dungeon Overview and Level Annotations

Branches:
Dungeon (9/15)             Temple (1/1) D:6            Lair (1/5) D:8
    Orc (0/2) D:9

Altars:
Ashenzari
Cheibriados
Dithmenos
Elyvilon
Fedhas
Gozag
Hepliaklqana
Kikubaaqudgha
Makhleb
Nemelex Xobeh
Okawaru
Qazlal
Ru
Sif Muna
Trog
Uskayaw
Vehumet
Wu Jian
Xom
Yredelemnul
Zin
The Shining One

Shops:
D:2 (=   D:5 *

Annotations:
Lair:1 1 transporter


Innate Abilities, Weirdness & Mutations

You are too large for most types of armour.
You have tough skin. (AC +1)


Message History

You cannot throw/fire anything while held in a net.
You feel yourself speed up.
Cornered, the swamp worm turns to fight! x3
You gain the combat prowess of a mighty hero.
You can no longer speed up your combat.
The swamp worm fires a harpoon shot at you.
The harpoon shot hits you!
You are yanked forward by the harpoon shot.
You violently stop moving!
* * * LOW HITPOINT WARNING * * *
As you read the scroll of fear, it crumbles to dust.
You assume a fearsome visage.
The swamp worm looks frightened! x3
You are engulfed in dark miasma.
You feel yourself slow down.
* * * LOW HITPOINT WARNING * * *
Throw: 7 boomerangs
Press: ? - help, Q - select action, (/) - cycle Shift-Dir - straight line, f - swamp worm
Aim: a swamp worm (fleeing, 64% to hit)
You throw a boomerang.
The boomerang barely misses the swamp worm.
You are engulfed in dark miasma.
* * * LOW HITPOINT WARNING * * *
Cornered, the swamp worm turns to fight!
Throw: 7 boomerangs
Press: ? - help, Q - select action, (/) - cycle Shift-Dir - straight line, f/p - swamp worm
Aim: a swamp worm (fleeing, 64% to hit)
Okay, then.
Unknown command.
As you read the scroll of teleportation, it crumbles to dust.
You feel strangely unstable.
You are engulfed in dark miasma.
You feel as though you will be slow longer.
* * * LOW HITPOINT WARNING * * *
Cornered, the swamp worm turns to fight! x2
You become entangled in the net!
The swamp worm fires a harpoon shot at you.
The harpoon shot hits you.
* * * LOW HITPOINT WARNING * * *
You are yanked forward by the harpoon shot.
You collide with the briar patch!
The briar patch is almost destroyed.
You die...

...............>....^....##......
.........................##.....#
.........................##.....#
.........................##.....)
..........#########......##.....#
..........#♣#†#♣#w#......#......#
.........##≈§≈#§§§####...##.#####
.........#P.P.§PPP#$"#...########
........©#©^§^^^@○+(©#©..........
.........#PP.PP☼PP#?[#...........
.........##≈≈≈≈#≈≈####...........
..........##w#♣#w##.........#..##
..........#########........##.#.#
...........................##....
...........................##....
...........................##....
.................................


You could see 3 swamp worms.

Vanquished Creatures
  A centaur warrior (D:9)
  A lindwurm (Lair:1)
  A cyclops (D:7)
  6 elephants (Lair:1)
  5 komodo dragons
  2 cane toads (Lair:1)
  A troll (D:7)
  Grinder (D:6)
  A hornet (D:8)
  Sigmund (D:6)
  A wyvern (Lair:1)
  A basilisk (Lair:1)
  10 yaks
  Grum (Lair:1)
  A steam dragon (D:8)
  Menkaure (D:4)
  Edmund (D:6)
  A swamp worm (Lair:1)
  4 water moccasins
  3 orc warriors
  A swamp drake (D:9)
  A black bear (D:8)
  2 ice beasts (D:6)
  2 sky beasts
  3 wolves (Lair:1)
  5 centaurs
  A phantom (D:5)
  Blork the orc (D:4)
  3 kobold brigands
  5 bullfrogs
  2 gnoll sergeants
  6 scorpions
  15 killer bees
  2 howler monkeys (D:8)
  2 hounds
  5 orc priests
  2 gnoll boudas
  2 iguanas
  Ijyb (D:3)
  5 orc wizards
  Robin (D:3)
  3 gnolls
  3 adders
  3 shadow imps
  A worm (D:2)
  The ghost of waewhow the Sneak, a weakling MeDe (D:5)
  8 dart slugs
  43 orcs
  7 endoplasms
  4 giant cockroaches
  22 goblins
  7 hobgoblins
  4 jackals (D:2)
  2 quokkas
  2 ball pythons
  6 bats
  5 frilled lizards
  26 kobolds
  8 rats
266 creatures vanquished.

Vanquished Creatures (others)
  A kobold brigand (D:9)
  A kobold (D:5)
2 creatures vanquished.

Grand Total: 268 creatures vanquished

Notes
Turn   | Place    | Note
-------+----------+-------------------------------------------
     0 | D:1      | Smoke131 the Ogre Gladiator began the quest for the Orb.
     0 | D:1      | Reached XP level 1. HP: 22/22 MP: 1/1
   126 | D:1      | Reached XP level 2. HP: 10/29 MP: 2/2
   129 | D:1      | Reached skill level 3 in Fighting
   517 | D:1      | Found a faded altar of an unknown god.
   651 | D:2      | Reached XP level 3. HP: 36/37 MP: 3/3
   846 | D:2      | Found Miasall's Jewellery Shop.
   953 | D:2      | Found Gyorph's Weapon Emporium.
  1552 | D:3      | Reached XP level 4. HP: 48/48 MP: 4/4
  1573 | D:3      | Noticed Ijyb
  1579 | D:3      | Killed Ijyb
  1580 | D:3      | Reached skill level 4 in Fighting
  1589 | D:3      | Noticed Robin
  2029 | D:3      | Killed Robin
  2228 | D:3      | Reached XP level 5. HP: 54/54 MP: 5/5
  3097 | D:4      | Noticed Menkaure
  3106 | D:4      | Killed Menkaure
  3107 | D:4      | Reached skill level 5 in Fighting
  3107 | D:4      | Reached XP level 6. HP: 39/66 MP: 6/6
  3212 | D:4      | Noticed a sky beast
  3384 | D:3      | Killed a sky beast
  3385 | D:3      | Reached skill level 5 in Polearms
  3476 | D:4      | Noticed Blork the orc
  3502 | D:4      | Killed Blork the orc
  3503 | D:4      | Reached skill level 5 in Throwing
  3503 | D:4      | Reached XP level 7. HP: 61/72 MP: 7/7
  3562 | D:4      | Found a shimmering altar of Xom.
  3856 | D:5      | Entered Level 5 of the Dungeon
  3906 | D:5      | Found a stormy altar of Qazlal.
  3944 | D:5      | Found an ancient bone altar of Kikubaaqudgha.
  4151 | D:5      | Reached skill level 6 in Fighting
  4539 | D:5      | Found a runed translucent gate.
  4539 | D:5      | Found a runed translucent gate.
  4539 | D:5      | Found a runed translucent gate.
  4540 | D:5      | Noticed waewhow's ghost (weakling MeDe)
  4557 | D:5      | Found Sorchikeoz's CLEARANCE SALE!.
  4565 | D:5      | Bought a scroll of teleportation for 12 gold pieces
  4922 | D:5      | Killed waewhow's ghost
  5029 | D:5      | Reached XP level 8. HP: 65/78 MP: 8/8
  5258 | D:6      | Found a staircase to the Ecumenical Temple.
  5295 | Temple   | Entered the Ecumenical Temple
  5405 | D:6      | Noticed Grinder
  5425 | D:6      | Paralysed by Grinder for 5 turns
  5435 | D:6      | Killed Grinder
  5436 | D:6      | Reached skill level 7 in Fighting
  5558 | D:6      | Noticed Edmund
  5587 | D:6      | Killed Edmund
  5668 | D:6      | Noticed Sigmund
  5682 | D:6      | Killed Sigmund
  5683 | D:6      | Reached skill level 8 in Fighting
  5714 | D:6      | Found a glowing golden altar of the Shining One.
  5793 | D:6      | Found a shimmering blue altar of Sif Muna.
  5905 | D:6      | Reached XP level 9. HP: 96/96 MP: 9/9
  6219 | D:7      | Noticed a troll
  6229 | D:7      | Killed a troll
  6294 | D:6      | Reached skill level 9 in Fighting
  6538 | D:7      | Noticed a cyclops
  6546 | D:7      | Killed a cyclops
  7027 | D:8      | Reached skill level 10 in Fighting
  7037 | D:8      | Noticed a hornet
  7040 | D:8      | Paralysed by a hornet for 1 turns
  7041 | D:8      | Killed a hornet
  7046 | D:8      | Reached XP level 10. HP: 70/110 MP: 10/10
  8126 | D:8      | Found a staircase to the Lair.
  8502 | D:9      | Found an iron altar of Okawaru.
  8513 | D:9      | Became a worshipper of Warmaster Okawaru
  8620 | D:9      | Reached skill level 1 in Invocations
  8715 | D:9      | Found a staircase to the Orcish Mines.
  9000 | D:9      | Reached skill level 10 in Polearms
  9000 | D:9      | Reached skill level 10 in Throwing
  9251 | D:9      | Noticed a centaur warrior
  9291 | D:8      | Reached * piety under Okawaru
  9373 | D:9      | Killed a centaur warrior
  9374 | D:9      | Reached XP level 11. HP: 49/117 MP: 13/15
 10137 | D:9      | Reached ** piety under Okawaru
 10703 | D:2      | Bought a ring of poison resistance for 220 gold pieces
 10833 | Lair:1   | Entered Level 1 of the Lair of Beasts
 11222 | Lair:1   | Found a transporter.
 11316 | Lair:1   | Found a transporter.
 11916 | Lair:1   | Noticed a lindwurm
 11923 | Lair:1   | Killed a lindwurm
 12038 | Lair:1   | Noticed Grum
 12039 | Lair:1   | Reached *** piety under Okawaru
 12048 | Lair:1   | Reached skill level 10 in Invocations
 12065 | Lair:1   | Killed Grum
 13401 | Lair:1   | Reached **** piety under Okawaru
 13628 | Lair:1   | Reached skill level 11 in Fighting
 13645 | Lair:1   | HP: 6/120 [swamp worm/harpoon shot (3)]
 13645 | Lair:1   | Collided with a briar patch

Illustrated notes

Levels and vault maps discovered:
D:1:      lightli_arrival_isolated_outpost, layout_basic,
          ebering_ecumenical_altar_mist
D:2:      layout_loops_ring, serial_shops, nicolae_shop_tiny_statue_garden,
          nicolae_shop_hallway_plus, serial_park_tiny_2, minmay_door_square
D:3:      layout_rooms, minmay_misc_feat_enclosed,
          chequers_serial_rivers_small_b, kennysheep_decorative_pillar,
          uniq_robin, uniq_ijyb
D:4:      layout_rooms, lemuel_crystal_altar, hangedman_minor_gate_pass,
          uniq_blork_the_orc, uniq_menkaure
D:5:      kennysheep_slugbush, layout_basic, nicolae_overflow_crystal_walls,
          overflow_temple_1_default, gammafunk_ghost_nasty_kobolds,
          nicolae_shop_clearance
D:6:      layout_rooms, nicolae_sif_muna_little_library, tso_altar,
          minmay_temple_entry_stoned_glass, dreamdust_princess_bridge, hex_tiny,
          st_stairs_2, chequers_serial_rivers_room_b, sigmund_edmund_badplayer,
          uniq_grinder
D:7:      layout_rooms
D:8:      layout_basic, grunt_lair_entry_orc_guard_hut, special_room
          [special_room_orc]
D:9:      layout_loops_ring, kennysheep_okawaru_gauntlet, erik_orc_1,
          minmay_fractal_squares_diagonal_5
Temple:   regret_index_temple_sphere_string
Lair:1:   gammafunk_worm_tunnel, layout_regular_city, nicolae_lair_lindhole,
          grunt_megastairs_3, uniq_grum

Skill      XL: |  1  2  3  4  5  6  7  8  9 10 11 |
---------------+----------------------------------+-----
Fighting       | 3 4 5 6 8 10 11 | 11.0
Dodging        | 3 |  3.0
Throwing       | 3 4 5 7 8 10 | 10.5
Polearms       | 4 5 7 8 10 | 10.5
Invocations    | 6 10 | 10.0

Action                     |  1- 3 |  4- 6 |  7- 9 | 10-12 || total
---------------------------+-------+-------+-------+-------++-------
  Melee: Trident           |   137 |   131 |   140 |       ||   408
         Punch             |     2 |     1 |     1 |       ||     4
         Halberd           |       |       |   128 |   451 ||   579
  Throw: Boomerang         |       |    14 |     6 |    16 ||    36
         Dart              |       |     8 |    43 |    78 ||   129
         Large rock        |       |       |     6 |     2 ||     8
 Invoke: Heroism           |       |       |       |     2 ||     2
  Evoke: Wand              |       |       |       |     2 ||     2
    Use: Scroll            |       |     8 |     9 |    10 ||    27
         Potion            |       |       |     2 |     9 ||    11
   Stab: Sleeping          |     2 |       |     1 |       ||     3
 Armour: Robe              |    95 |   138 |   136 |       ||   369
         Skin              |       |       |     5 |       ||     5
         Steam dragon scal |       |       |     8 |   342 ||   350
  Dodge: Dodged            |    78 |    86 |   181 |   367 ||   712
  Block: Other             |       |       |       |    58 ||    58
         Reflection        |       |       |       |     3 ||     3

Table legend: (Time is in decaauts)
 A = Elapsed time spent in this place.
 B = Non-inter-level travel time spent in this place.
 C = Inter-level travel time spent in this place.
 D = Time resting spent in this place.
 E = Time spent auto-exploring this place.
 F = Levels seen in this place.
 G = Mean time per level.
                   A        B        C        D        E       F      G
               +--------+--------+--------+--------+--------+-----+--------+
         Total |  13675 |  12912 |    763 |   3442 |   6419 |  11 | 1243.2 |
       Dungeon |  11140 |  10467 |    673 |   2334 |   5476 |   9 | 1237.8 |
        Temple |     91 |      1 |     90 |      0 |      0 |   1 |   91.0 |
          Lair |   2443 |   2443 |      0 |   1108 |    943 |   1 | 2443.0 |
               +--------+--------+--------+--------+--------+-----+--------+

Top non-repeatable levels by time:
  Lair:1: 2443 daAuts
     D:8: 2278 daAuts
     D:2: 1685 daAuts
     D:9: 1347 daAuts
     D:5: 1297 daAuts
     D:6: 1220 daAuts
     D:3: 999 daAuts
     D:7: 891 daAuts
     D:4: 759 daAuts
     D:1: 660 daAuts
  Temple: 91 daAuts
